 Dungeon Crawl Stone Soup version 0.24-a0-278-gefa1973 (webtiles) character file.

Game seed: 1160426877343471023

1698 TheOvate the Cleaver (level 8, 0/64 HPs)
             Began as a Minotaur Berserker on Apr 29, 2019.
             Was a High Priest of Trog.
             Succumbed to a water moccasin's poison
             ... on level 7 of the Dungeon.
             The game lasted 00:17:11 (5057 turns).

TheOvate the Cleaver (Minotaur Berserker)           Turns: 5057, Time: 00:17:12

Health: 0/64       AC: 12    Str: 24    XL:     8   Next: 72%
Magic:  7/7        EV:  9    Int: 10    God:    Trog [*****.]
Gold:   222        SH:  0    Dex:  9    Spells: 7/7 levels left

rFire    . . .     SeeInvis .   y - +1 battleaxe (freeze)
rCold    . . .     Gourm    .   (shield currently unavailable)
rNeg     + . .     Faith    .   n - +1 chain mail
rPois    .         Spirit   .   (helmet restricted)
rElec    .         Reflect  .   (no cloak)
rCorr    +         Harm     .   (no gloves)
MR       .....                  (no boots)
Stlth    ..........             (no amulet)
HPRegen  0.20/turn              g - ring of positive energy
MPRegen  0.10/turn              d - ring of resist corrosion

@: brilliant, lethally poisoned (0 -> -9), berserk cooldown, slowed, very slow
A: retaliatory headbutt, horns 2
a: Berserk, Trog's Hand, Brothers in Arms, Renounce Religion


You were on level 7 of the Dungeon.
You worshipped Trog.
Trog was extremely pleased with you.
You were not hungry.

You visited 1 branch of the dungeon, and saw 7 of its levels.

You collected 222 gold pieces.

Inventory:

Hand Weapons
 a - a +0 hand axe
 t - a +2 flail of protection
 w - the +8 quarterstaff of the Pill Bug {antimagic, rElec rC+++ Int-3 Stlth+}
   (You found it on level 5 of the Dungeon)

   It reduces the magical energy of the wielder, and disrupts the spells and
   magical abilities of those hit.
   Natural abilities and divine invocations are not affected.
   It affects your intelligence (-3).
   It renders you almost immune to cold.
   It insulates you from electricity.
   It makes you more stealthy.
 y - a +1 battleaxe of freezing (weapon)
Armour
 n - a +1 chain mail (worn)
 o - the +10 large shield of Ignorance {rN+ Int-4}
   (You found it on level 3 of the Dungeon)

   It affects your intelligence (-4).
   It protects you from negative energy.
Jewellery
 d - a ring of resist corrosion (right hand)
 g - a ring of positive energy (left hand)
 j - an uncursed ring of fire
 q - an uncursed ring of protection from cold {unknown}
Wands
 z - a wand of digging (6)
Scrolls
 h - 4 scrolls of identify
 k - 2 scrolls of remove curse
 r - a scroll of magic mapping {unknown}
 x - a scroll of random uselessness {unknown}
 A - a scroll of fog {unknown}
Potions
 b - a potion of mutation
 e - 5 potions of lignification {unknown}
 f - a potion of ambrosia {unknown}
 i - a potion of heal wounds {unknown}
 l - a potion of curing {unknown}
 p - a potion of invisibility {unknown}
 s - 2 potions of flight {unknown}
 v - a potion of degeneration {unknown}
 B - a potion of berserk rage {unknown}
Comestibles
 c - 7 rations


   Skills:
 - Level 3.6 Fighting
 - Level 9.4(10.0) Axes
 + Level 5.4(8.1) Maces & Flails
 - Level 8.2 Armour
 - Level 3.2 Dodging
 - Level 1.0 Stealth


You had 7 spell levels left.
You didn't know any spells.
Your spell library was empty.

Dungeon Overview and Level Annotations

Branches:
Dungeon (7/15)             Temple (0/1) D:6

Altars:
Ashenzari
Elyvilon
Fedhas
Trog
Zin


Innate Abilities, Weirdness & Mutations

You reflexively headbutt those who attack you in melee.
You have a pair of horns on your head.


Message History

As you read the scroll labeled ALUMAXK FAUNG, it crumbles to dust.
It is a scroll of enchant weapon.
Your +1 flail of protection glows red for a moment.
* * * LOW HITPOINT WARNING * * *
You feel sick. The scorpion barely misses you.
You barely miss the scorpion. You headbutt the scorpion.
The scorpion is moderately wounded.
* * * LOW HITPOINT WARNING * * *
You feel sick.
The scorpion stings you but does no damage.
The scorpion stings you.
* * * LOW HITPOINT WARNING * * *
You hit the scorpion. You freeze the scorpion.
The scorpion is heavily wounded.
* * * LOW HITPOINT WARNING * * *
You feel sick. The scorpion stings you!
* * * LOW HITPOINT WARNING * * *
You barely miss the scorpion. Your headbutt misses the scorpion.
The scorpion is heavily wounded.
You die...

####### .....#
.....# ###
..)..# ..#
.....# #...
.....## ##...
......# ...##
......####
..#.s#
.........###.#
#@#
.....###.#...#
#.# .....#
#...### #.##
###### #...).#
#..#
#..###.####.###
....##
#...##...###.
..###
###...........
.. ######.....#
. ..####


You could see a scorpion.

Vanquished Creatures
  A water moccasin (D:7)
  An orc warrior (D:6)
  An ice beast (D:6)
  The ghost of Anon1729 the Skirmisher, an amateur NaFi (D:3)
  2 ogres
  A sky beast (D:6)
  2 bullfrogs
  Blork the orc (D:6)
  A jelly (D:6)
  A scorpion (D:4)
  A howler monkey (D:4)
  A bullfrog zombie (D:5)
  A crimson imp (D:5)
  A centaur zombie (D:7)
  A quasit (D:6)
  A hound (D:5)
  2 orc priests (D:6)
  A centaur skeleton (D:6)
  4 worker ants
  2 iguanas
  4 orc wizards
  A hound skeleton (D:4)
  3 adders
  A shadow imp (D:6)
  2 oozes
  2 adder skeletons (D:4)
  2 worms (D:5)
  5 leopard geckos
  33 orcs
  6 giant cockroaches
  5 goblins
  6 hobgoblins
  17 jackals
  A ball python (D:3)
  7 bats
  A frilled lizard (D:2)
  A jackal zombie (D:6)
  8 kobolds
  A leopard gecko skeleton (D:5)
  A quokka skeleton (D:4)
  8 rats
142 creatures vanquished.

Notes
Turn   | Place    | Note
-------+----------+-------------------------------------------
     0 | D:1      | TheOvate the Minotaur Berserker began the quest for the
                  | Orb.
     0 | D:1      | Reached XP level 1. HP: 19/19 MP: 0/0
     3 | D:1      | Noticed an electric eel
     3 | D:1      | Noticed an electric eel
   213 | D:1      | Reached skill level 4 in Axes
   240 | D:1      | Reached XP level 2. HP: 25/26 MP: 1/1
   913 | D:2      | Reached ** piety under Trog
   950 | D:2      | Reached skill level 5 in Axes
   977 | D:2      | Reached XP level 3. HP: 31/31 MP: 2/2
  1136 | D:2      | Found a shattered altar of Ashenzari.
  1202 | D:2      | Reached skill level 1 in Stealth
  1376 | D:2      | Noticed a bullfrog
  1383 | D:2      | Killed a bullfrog
  1383 | D:2      | Reached skill level 6 in Axes
  1383 | D:2      | Reached XP level 4. HP: 39/39 MP: 3/3
  1774 | D:3      | Reached XP level 5. HP: 45/45 MP: 4/4
  1826 | D:3      | Reached skill level 7 in Axes
  1990 | D:3      | Found a white marble altar of Elyvilon.
  2015 | D:3      | Reached *** piety under Trog
  2062 | D:3      | You fall through a shaft for 2 floors!
  2062 | D:5      | Entered Level 5 of the Dungeon
  2064 | D:5      | Found a glowing silver altar of Zin.
  2080 | D:5      | Reached skill level 8 in Axes
  2080 | D:5      | Reached XP level 6. HP: 41/51 MP: 5/5
  2303 | D:3      | Found a runed translucent door.
  2304 | D:3      | Found the +10 large shield of Ignorance {rN+ Int-4}
  2306 | D:3      | Noticed Anon1729's ghost (amateur NaFi)
  2323 | D:3      | Killed Anon1729's ghost
  2873 | D:4      | Reached skill level 9 in Axes
  3023 | D:4      | Reached XP level 7. HP: 54/57 MP: 6/6
  3306 | D:5      | Reached **** piety under Trog
  3383 | D:5      | Found a blossoming altar of Fedhas.
  3570 | D:5      | Reached skill level 5 in Armour
  3583 | D:5      | Noticed a moth of wrath
  3585 | D:5      | Found a bloodstained altar of Trog.
  3618 | D:5      | Got a shimmering quarterstaff
  3624 | D:5      | Identified the +8 quarterstaff of the Pill Bug {antimagic,
                  | rElec rC+++ Int-3 Stlth+} (You found it on level 5 of the
                  | Dungeon)
  3838 | D:6      | Noticed Blork the orc
  3851 | D:6      | Killed Blork the orc
  4046 | D:6      | Reached XP level 8. HP: 64/64 MP: 7/7
  4120 | D:6      | Found a staircase to the Ecumenical Temple.
  4266 | D:6      | Reached skill level 1 in Maces & Flails
  4353 | D:6      | Reached ***** piety under Trog
  5046 | D:7      | Reached skill level 5 in Maces & Flails
  5056 | D:7      | HP: 1/64 [scorpion (7)]
  5057 | D:7      | Succumbed to a water moccasin's poison

Levels and vault maps discovered:
D:1:      arrival_aquarium_b, layout_loops_ring
D:2:      layout_basic, nicolae_ashenzari_panopticon, first_ration,
          palyth_stone_intersect
D:3:      layout_rooms, nicolae_overflow_crystal_walls,
          ebering_ghost_inner_flame, minivault_27
D:4:      layout_rooms, nicolae_overflow_hidden_temple,
          kennysheep_generic_room_3
D:5:      layout_rooms, tgw_trog, zin_treasury, fedhas_ov_isle_minmay
D:6:      layout_loops_corners, minmay_temple_entry_sparse_star,
          uniq_blork_the_orc
D:7:      layout_rooms, the_bakery

Skill      XL: |  1  2  3  4  5  6  7  8 |
---------------+-------------------------+-----
Axes           | 4 5 6 8 9 |  9.4
Stealth        | 1 |  1.0
Armour         | 7 8 |  8.2
Maces & Flails | 5 |  5.4
Dodging        | 3 |  3.2
Fighting       | |  3.6

Action                   |  1- 3 |  4- 6 |  7- 9 || total
-------------------------+-------+-------+-------++-------
Melee: Hand axe          |    91 |   134 |    77 ||   302
       Headbutt          |    10 |    35 |    30 ||    75
       Battleaxe         |       |       |    88 ||    88
Invok: Berserk           |       |     2 |     2 ||     4
  Use: Scroll            |       |     5 |     4 ||     9
       Potion            |       |       |     1 ||     1
  Eat: Chunk             |     2 |     7 |     2 ||    11
       Ration            |       |       |     2 ||     2
Armor: Animal skin       |     7 |       |       ||     7
       Leather armour    |     7 |       |       ||     7
       Ring mail         |    12 |       |       ||    12
       Chain mail        |     2 |    45 |    73 ||   120
Dodge: Dodged            |    70 |    42 |    71 ||   183

Table legend:
 A = Non-vault XP
 B = Vault XP
 C = Vault XP percentage of total XP
 D = Non-vault monster count
 E = Vault monster count
 F = Vault count percentage of total count
                 A         B        C        D         E       F
            +---------+---------+-------+---------+---------+-------
      Total |    2119 |     307 |  12.7 |     134 |       8 |   5.6
            +---------+---------+-------+---------+---------+-------
        D:1 |      23 |       0 |   0.0 |      13 |       0 |   0.0
        D:2 |     162 |       0 |   0.0 |      27 |       0 |   0.0
        D:3 |     228 |     128 |  36.0 |      35 |       1 |   2.8
        D:4 |     163 |      70 |  30.0 |      12 |       1 |   7.7
        D:5 |     331 |      13 |   3.8 |       8 |       5 |  38.5
        D:6 |     889 |      96 |   9.7 |      36 |       1 |   2.7
        D:7 |     323 |       0 |   0.0 |       3 |       0 |   0.0
            +---------+---------+-------+---------+---------+-------
